 Dungeon Crawl Stone Soup version 0.30-a0-576-g89cddaab80 (webtiles) character file.

Game seed: 8511251128663551993

38 M4edhros the Insei (level 3, 0/26 HPs)
             Began as an Octopode Monk on Dec 30, 2022.
             Killed from afar by Ijyb (10 damage)
             ... with a puff of flame
             ... on level 3 of the Dungeon.
             The game lasted 00:00:39 (235 turns).

M4edhros the Insei (Octopode Monk)                   Turns: 235, Time: 00:00:40

Health: 0/26       AC:  1    Str: 10    XL:     3   Next: 43%
Magic:  3/3        EV: 14    Int: 12    God:
Gold:   43         SH:  0    Dex: 16    Spells: 2/2 levels left

rFire   . . .      SeeInvis .      - Unarmed
rCold   . . .      Faith    .    (no shield)
rNeg    . . .      Spirit   .    (helmet restricted)
rPois   .          Reflect  .    (no amulet)
rElec   .          Harm     .    (no ring)
rCorr   .          Rampage  .    (no ring)
Will    .....                    (no ring)
Stlth   +++                      (no ring)
HPRegen 0.24/turn                (no ring)
MPRegen 0.08/turn                (no ring)
                                 (no ring)
                                 (no ring)

@: no status effects
A: almost no armour, amphibious, 8 rings, camouflage 1, gelatinous body 1,
(nimble swimmer 1), tentacles
a: no special abilities


You were on level 3 of the Dungeon.
You visited 1 branch of the dungeon, and saw 3 of its levels.

You collected 43 gold pieces.

Inventory:

Scrolls
 b - a scroll of fog {unknown}
 d - 4 scrolls of summoning {unknown}
Potions
 a - a potion of ambrosia


   Skills:
 + Level 3.3 Fighting
 + Level 3.3 Dodging
 + Level 3.3 Stealth
 * Level 3.6 Unarmed Combat


You had 2 spell levels left.
You didn't know any spells.
Your spell library was empty.

Dungeon Overview and Level Annotations

Branches:
Dungeon (3/15)

Altars:

Annotations:
D:3 Ijyb


Innate Abilities, Weirdness & Mutations

You cannot wear most types of armour.
You are amphibious.
You can wear up to eight rings at the same time.
Your skin changes colour to match your surroundings (Stealth+).
Your rubbery body absorbs attacks. (AC +1, EV +1)
((You are camouflaged when in or above water. (Stealth+)))
You have tentacles for arms and can constrict up to eight enemies at once.


Message History

Increase (S)trength, (I)ntelligence, or (D)exterity?
You feel agile. x2
The gnoll closely misses you.
You barely miss the gnoll. You grab the gnoll. You squeeze the gnoll.
The gnoll is moderately wounded.
You constrict the gnoll, but do no damage.
The gnoll hits you with a +0 spear!
You tentacle-slap the gnoll. You squeeze the gnoll.
You kill the gnoll!
You see here a +0 spear.
Ijyb the Twisted Goblin comes into view.
She is wielding a +0 dagger and carrying a wand of flame (14).
Found a stone staircase leading up.
A gnoll comes into view. It is wielding a +0 club.
It was a potion of curing.
You feel better.
The gnoll shouts!
You barely miss Ijyb. Your grab misses Ijyb.
You tentacle-slap Ijyb, but do no damage.
Ijyb barely misses you.
You completely miss Ijyb. Your grab misses Ijyb. Your squeeze misses Ijyb.
Ijyb zaps a wand.
The puff of flame hits you!
You tentacle-slap Ijyb but do no damage.
Your grab misses Ijyb. Your squeeze misses Ijyb. Ijyb barely misses you.
You tentacle-slap Ijyb. Your grab misses Ijyb.
Ijyb is lightly wounded.
The gnoll completely misses you. Ijyb hits you with a +0 dagger.
You tentacle-slap Ijyb but do no damage.
Your grab misses Ijyb.
Ijyb is lightly wounded.
Ijyb closely misses you. The gnoll hits you with a +0 club!
You barely miss Ijyb. Your grab misses Ijyb.
Ijyb is lightly wounded.
The gnoll barely misses you. Ijyb barely misses you.
You closely miss Ijyb. Your grab misses Ijyb.
You squeeze Ijyb, but do no damage.
Ijyb is lightly wounded.
The gnoll barely misses you. Ijyb misses you.
You barely miss Ijyb. You grab Ijyb.
Ijyb is lightly wounded.
You constrict Ijyb.
Ijyb zaps a wand.
The puff of flame hits you!
You die...

.........
....g...#
........###
.........<
.........#
.........#
......gg.#
.......@.#
.........###
.
#......#...#
..
##########.#
..... #.##
......
#..###...#
##).....#
#..##.##
##.###.#


You could see Ijyb and 2 gnolls.

Vanquished Creatures
  2 adders
  A gnoll (D:3)
  An endoplasm (D:1)
  A goblin (D:2)
  2 hobgoblins (D:1)
  2 bats (D:1)
  2 kobolds
11 creatures vanquished.

Notes
Turn   | Place    | Note
-------+----------+-------------------------------------------
     0 | D:1      | M4edhros the Octopode Monk began the quest for the Orb.
     0 | D:1      | Reached XP level 1. HP: 16/16 MP: 1/1
   136 | D:1      | Reached XP level 2. HP: 18/21 MP: 2/2
   216 | D:3      | Reached XP level 3. HP: 24/26 MP: 3/3
   224 | D:3      | Noticed Ijyb
   235 | D:3      | Killed from afar by Ijyb

Illustrated notes

Levels and vault maps discovered:
D:1:      co_arrival_random_square_maze, layout_rooms
D:2:      layout_rooms, st_stairs_3, minmay_cupped, uniq_sigmund, uniq_robin
D:3:      layout_rooms, zin_purify, hellmonk_ecumenical_altar_run_dry,
          kennysheep_donut, uniq_natasha, uniq_ijyb

Skill      XL: |  1  2 |
---------------+-------+-----
Stealth        | 3 |  3.3
Fighting       | |  3.3
Dodging        | |  3.3
Unarmed Combat | |  3.6

Action                   || total
-------------------------++-------
Melee: Unarmed           ||    31
       Tentacles         ||     9
       Constrict         ||     7
       Punch             ||     3
  Use: Potion            ||     1
 Stab: Sleeping          ||     1
Armor: Skin              ||     3
Dodge: Dodged            ||    25

Table legend: (Time is in decaauts)
 A = Elapsed time spent in this place.
 B = Non-inter-level travel time spent in this place.
 C = Inter-level travel time spent in this place.
 D = Time resting spent in this place.
 E = Time spent auto-exploring this place.
 F = Levels seen in this place.
 G = Mean time per level.
                   A        B        C        D        E       F      G
               +--------+--------+--------+--------+--------+-----+--------+
         Total |    232 |    232 |      0 |      0 |    127 |   3 |   77.3 |
       Dungeon |    232 |    232 |      0 |      0 |    127 |   3 |   77.3 |
               +--------+--------+--------+--------+--------+-----+--------+

Top non-repeatable levels by time:
     D:1: 168 daAuts
     D:3: 42 daAuts
     D:2: 21 daAuts
